Map: Catalyst LE

Players

Nerchio - Winner!

  • Race: Zerg Zerg
  • Spawn Location: 5:00

Neeb

  • Race: Protoss Protoss
  • Spawn Location: 11:00

Event: IEM Season 12 - Katowice

VOD

Have the link to the VOD?

Description

Time

  • Played on: March 2, 2018, 5:23 a.m.
  • Length: 16:28

All games in this series

Show
View Real Time Build Order
Export as new Build Order

Nerchio Zerg - Winner!

Build Orders: Hatch First 

Get SALT Encoding   

  12  0:00  Drone  
  13  0:12  Overlord  
  13  0:17  Drone  
  14  0:31  Drone x2  
  16  0:49  Hatchery  
  15  0:52  Drone  
  15  0:55  Drone  
  17  0:59  Drone  
  18  1:09  Extractor  
  17  1:15  Spawning Pool  
  16  1:18  Drone  
  16  1:22  Drone  
  18  1:28  Drone  
  19  1:39  Drone  
  20  1:52  Hatchery  
  19  1:55  Drone  
  19  2:00  Drone  
  21  2:08  Queen  
  21  2:15  Metabolic Boost  
  23  2:19  Drone  
  23  2:22  Drone  
  25  2:27  Overlord  
  25  2:35  Queen  
  27  2:38  Zergling x2  
  28  2:46  Zergling x4  
  28  2:47  Zergling x2  
  28  2:50  Drone  
  28  2:51  Drone  
  33  2:57  Queen  
  35  3:00  Drone  
  37  3:05  Zergling x2  
  37  3:06  Drone  
  37  3:08  Drone  
  39  3:16  Drone x2  
  39  3:17  Drone  
  42  3:24  Drone  
  41  3:31  Drone x2  
  41  3:33  Spore Crawler  
  40  3:37  Spore Crawler, Drone x2  
  41  3:43  Queen, Extractor  
  41  3:46  Overlord  
  41  4:04  Drone x9  
  41  4:08  Overlord  
  41  4:09  Overlord  
  50  4:18  Lair, Extractor  
  49  4:25  Overlord  
  49  4:26  Spore Crawler  
  49  4:28  Drone x4  
  49  4:29  Drone  
  53  4:32  Drone  
  53  4:33  Drone  
  53  4:34  Drone  
  53  4:36  Drone  
  57  4:42  Drone  
  57  4:43  Drone, Baneling Nest  
  58  4:50  Drone x3  
  58  4:52  Drone  
  61  4:55  Zergling x2  
  61  4:58  Zergling x6  
  65  5:00  Zergling x2  
  65  5:06  Extractor, Zergling x2  
  65  5:07  Overlord  
  65  5:09  Overlord  
  65  5:24  Overlord  
  65  5:27  Drone x10  
  75  5:31  Drone  
  75  5:32  Hydralisk Den  
  75  5:42  Drone x8  
  81  5:55  Evolution Chamber  
  81  5:57  Extractor  
  79  5:59  Extractor  
  79  6:00  Extractor  
  79  6:01  Zergling x2  
  79  6:02  Zergling x10  
  79  6:03  Baneling, Zergling x4  
  79  6:04  Baneling x5  
  84  6:05  Zergling x2  
  84  6:06  Baneling x2  
  84  6:07  Zergling x2  
  84  6:08  Zergling x2  
  84  6:09  Overlord  
  89  6:12  Baneling x3  
  89  6:14  Overlord x3  
  85  6:27  Zergling x10  
  85  6:29  Zergling x2  
  85  6:32  Zergling x4  
  81  6:33  Zergling x4  
  81  6:35  Queen x3, Zergling x2  
  81  6:37  Zergling x4  
  81  6:38  Zergling x2  
  91  6:41  Zergling x2  
  87  6:55  Drone x3  
  87  6:56  Drone x2  
  87  7:00  Drone  
  88  7:04  Zerg Melee Weapons Level 1  
  88  7:07  Drone  
  88  7:09  Drone  
  88  7:10  Drone  
  88  7:11  Drone  
  88  7:12  Drone  
  88  7:15  Hatchery  
  91  7:16  Extractor  
  91  7:17  Extractor  
  91  7:19  Grooved Spines  
  91  7:20  Drone x2  
  91  7:22  Drone x2  
  90  7:30  Hydralisk  
  90  7:33  Hydralisk x4  
  90  7:35  Hydralisk  
  100  7:39  Centrifical Hooks  
  100  7:41  Hydralisk  
  102  7:44  Hydralisk  
  104  7:51  Hydralisk  
  104  7:52  Hydralisk x3  
  104  7:58  Overlord  
  112  8:01  Hydralisk x2  
  112  8:05  Overlord  
  116  8:07  Overseer  
  116  8:09  Overlord  
  116  8:12  Hydralisk x2  
  118  8:19  Drone  
  121  8:20  Drone x4  
  121  8:21  Hydralisk  
  121  8:24  Overlord  
  121  8:26  Pneumatized Carapace  
  127  8:29  Overlord  
  127  8:31  Muscular Augments  
  127  8:32  Zergling x2  
  127  8:33  Zergling x6  
  131  8:38  Zergling x8  
  131  8:40  Zergling x2  
  131  8:41  Zergling x2  
  137  8:42  Baneling x2  
  137  8:43  Baneling x4  
  137  8:44  Zergling x2  
  137  8:46  Zergling x4  
  140  8:49  Zergling x6  
  140  8:54  Zergling x2  
  140  8:55  Zergling x6  
  145  9:01  Zergling x4  
  143  9:05  Zerg Melee Weapons Level 2, Spire  
  143  9:08  Drone x2, Evolution Chamber  
  143  9:09  Extractor, Zergling x2  
  143  9:10  Zergling x2  
  143  9:12  Zergling x4  
  143  9:13  Zergling x2  
  143  9:16  Zergling x6  
  150  9:18  Zergling x4  
  150  9:23  Overlord  
  152  9:30  Queen  
  154  9:33  Zergling x2  
  154  9:34  Zergling x14  
  154  9:36  Zergling x6  
  157  9:43  Baneling x12  
  157  9:48  Drone x2, Zerg Missile Weapons Level 1  
  157  9:49  Infestation Pit  
  158  9:54  Hydralisk  
  158  9:55  Hydralisk x2  
  158  9:56  Drone  
  160  10:08  Baneling  
  160  10:09  Baneling x11  
  160  10:16  Baneling  
  160  10:17  Baneling x12, Hatchery  
  160  10:18  Zergling x2  
  157  10:23  Baneling x6  
  139  10:29  Zergling x6  
  139  10:30  Zergling x8  
  139  10:40  Zergling x2  
  139  10:41  Zergling x18  
  135  10:42  Zergling x2  
  135  10:44  Zergling x2  
  135  10:45  Zergling x2  
  137  10:50  Baneling x6  
  137  10:53  Hydralisk x2  
  137  10:55  Zergling x4  
  143  10:58  Zergling x4  
  143  11:01  Zergling x8  
  143  11:03  Baneling x2  
  143  11:04  Baneling x2  
  149  11:05  Baneling  
  149  11:07  Baneling x5  
  149  11:08  Baneling  
  149  11:12  Zergling x6  
  149  11:13  Zergling x2  
  149  11:14  Baneling  
  149  11:15  Baneling x3  
  153  11:26  Zergling x12  
  153  11:27  Baneling x2  
  153  11:28  Baneling x9  
  153  11:29  Baneling  
  153  11:32  Zergling x6  
  161  11:34  Zergling x4  
  161  11:35  Zergling x2  
  164  11:44  Zergling x16  
  160  11:48  Drone  
  160  11:53  Hydralisk x3  
  144  11:57  Hydralisk  
  143  12:03  Hydralisk x2  
  143  12:05  Zergling x2  
  143  12:06  Zergling x2  
  140  12:09  Hydralisk  
  140  12:10  Hydralisk  
  140  12:12  Hydralisk  
  135  12:17  Hydralisk  
  135  12:18  Hydralisk  
  135  12:21  Drone x2  
  135  12:22  Drone  
  134  12:24  Drone x2  
  134  12:26  Drone  
  134  12:27  Drone  
  134  12:29  Drone x2  
  134  12:41  Zergling x10  
  134  12:42  Zergling x2  
  134  12:44  Overseer, Zergling x2  
  141  12:54  Overlord  
  141  12:55  Overlord  
  141  13:18  Overlord  
  141  13:19  Mutalisk x10  
  151  13:20  Mutalisk  
  163  13:27  Hive  
  163  13:33  Zergling x12  
  169  13:44  Zergling x10  
  174  13:49  Zergling x2  
  174  13:50  Zergling x14  
  182  13:56  Zergling x12  
  182  14:05  Baneling x15  
  182  14:06  Baneling x3  
  182  14:07  Zergling x2  
  183  14:18  Zergling x4  
  185  14:25  Baneling  
  185  14:26  Baneling x15  
  182  14:40  Greater Spire  
  180  14:50  Zergling x22  
  165  15:08  Zergling x2  
  165  15:09  Zergling x32  
  165  15:13  Zergling x4  
  165  15:14  Zergling x6  
  167  15:22  Corruptor x3  
  163  15:34  Hydralisk x4  
  171  15:36  Baneling x13  
  171  15:37  Baneling  
  171  15:42  Hatchery  
  166  15:43  Baneling  
  166  15:44  Baneling x11  
  166  15:47  Zergling x4  
  165  15:55  Baneling x11  
  161  16:02  Baneling x11  
Show
View Real Time Build Order
Export as new Build Order

Neeb Protoss 

Build Orders: 1 Gate Expand, Oracle Opening, Phoenix Opening, Archon Immortal 

Get SALT Encoding   

  12  0:00  Probe  
  13  0:12  Probe  
  14  0:17  Pylon  
  14  0:24  Probe  
  15  0:34  Assimilator  
  15  0:37  Probe (Chrono Boost)  
  16  0:44  Gateway  
  16  0:49  Probe (Chrono Boost)  
  18  0:57  Probe (Chrono Boost)  
  18  1:03  Probe  
  19  1:15  Probe  
  20  1:25  Nexus  
  20  1:35  Cybernetics Core  
  20  1:37  Probe  
  21  1:43  Assimilator  
  21  1:49  Probe  
  21  1:53  Pylon  
  22  2:01  Probe  
  23  2:09  Adept (Chrono Boost)  
  23  2:13  Probe (Chrono Boost)  
  26  2:21  Stargate  
  27  2:24  Probe (Chrono Boost)  
  27  2:28  Adept (Chrono Boost), Probe (Chrono Boost)  
  30  2:38  Warp Gate, Probe  
  30  2:40  Probe  
  32  2:50  Probe  
  32  2:51  Adept (Chrono Boost)  
  35  2:52  Probe  
  36  3:02  Probe  
  36  3:04  Probe, Oracle (Chrono Boost)  
  41  3:14  Probe, Pylon  
  41  3:16  Probe  
  43  3:26  Probe  
  44  3:28  Probe  
  41  3:35  Phoenix (Chrono Boost)  
  41  3:38  Probe  
  41  3:40  Probe  
  41  3:41  Gateway  
  45  3:42  Adept  
  45  3:43  Gateway  
  47  3:50  Probe  
  47  3:52  Probe  
  47  3:53  Pylon  
  49  3:56  Assimilator  
  49  4:00  Gateway  
  49  4:03  Probe  
  49  4:04  Oracle (Chrono Boost)  
  49  4:05  Probe  
  54  4:12  Assimilator  
  54  4:13  Pylon  
  54  4:17  Probe  
  56  4:18  Twilight Council  
  56  4:20  Probe  
  56  4:23  Pylon  
  56  4:29  Probe  
  57  4:33  Probe  
  58  4:41  Probe  
  59  4:46  Adept x3  
  59  4:48  Probe  
  59  4:50  Pylon  
  66  4:53  Probe  
  66  4:55  Resonating Glaives (Chrono Boost)  
  67  5:01  Nexus  
  67  5:02  Pylon  
  67  5:06  Probe  
  68  5:08  Adept  
  68  5:09  Adept  
  68  5:12  Adept  
  74  5:15  Probe  
  75  5:24  Robotics Facility  
  75  5:25  Probe  
  75  5:27  Shield Battery  
  76  5:33  Adept x2  
  80  5:36  Adept  
  80  5:37  Probe x2  
  84  5:49  Probe x2  
  86  5:54  Pylon  
  86  5:55  Templar Archives  
  86  5:56  Adept  
  88  5:57  Adept  
  88  6:00  Adept  
  88  6:01  Probe  
  88  6:02  Probe  
  94  6:08  Assimilator  
  94  6:13  Probe  
  94  6:14  Probe, Assimilator  
  94  6:16  Probe  
  94  6:18  Immortal (Chrono Boost)  
  101  6:25  Probe  
  100  6:29  Probe x2  
  92  6:37  Probe  
  91  6:41  Probe x2  
  93  6:47  Robotics Bay  
  93  6:49  Probe, Sentry x3, Forge  
  93  6:52  Pylon, Immortal (Chrono Boost)  
  93  6:53  Probe, Pylon  
  96  7:06  Pylon  
  93  7:08  Gateway  
  93  7:10  Gateway  
  93  7:13  Gateway  
  93  7:14  Gateway  
  93  7:15  Gateway  
  93  7:18  Extended Thermal Lance, Gateway  
  93  7:21  Adept, Sentry, Observer (Chrono Boost), Charge  
  93  7:22  Adept  
  100  7:28  Colossus (Chrono Boost)  
  100  7:32  Protoss Ground Weapons Level 1 (Chrono Boost)  
  100  7:34  Pylon  
  100  7:35  Pylon  
  106  7:53  Stalker x3  
  112  8:03  Pylon  
  112  8:05  Robotics Facility  
  113  8:12  Probe  
  113  8:13  Probe  
  113  8:15  Colossus  
  113  8:19  Adept x6  
  132  8:24  Probe  
  135  8:29  Nexus  
  135  8:32  Pylon  
  133  8:37  Probe x2, Pylon  
  135  8:47  Probe  
  136  9:02  High Templar x2  
  138  9:03  Zealot x5  
  138  9:05  High Templar x2  
  138  9:06  Colossus (Chrono Boost), Immortal (Chrono Boost)  
  138  9:09  Protoss Ground Weapons Level 2 (Chrono Boost), Archon  
  160  9:10  Archon  
  160  9:15  Photon Cannon  
  160  9:17  Photon Cannon  
  160  9:19  Assimilator  
  160  9:21  Assimilator  
  160  9:25  Shield Battery  
  160  9:35  Stalker x4  
  160  9:38  Immortal (Chrono Boost)  
  172  9:47  Photon Cannon  
  172  9:48  Probe  
  172  9:49  Probe x2  
  172  9:50  Probe  
  176  9:56  Photon Cannon  
  170  10:00  Probe  
  170  10:01  Probe  
  168  10:08  High Templar x4  
  168  10:09  Zealot x5  
  186  10:14  Pylon  
  186  10:27  Colossus x2 (Chrono Boost)  
  141  10:44  Zealot x7, High Templar x2  
  141  10:45  Probe x2, Archon  
  161  10:50  Archon x2  
  161  10:52  Psionic Storm  
  161  11:08  Nexus  
  161  11:11  Pylon  
  161  11:13  High Templar x3  
  161  11:14  Observer  
  161  11:16  Immortal  
  172  11:24  High Templar  
  172  11:25  Zealot x5  
  181  11:29  Photon Cannon x2  
  181  11:34  Photon Cannon  
  181  11:35  Immortal, Shield Battery  
  139  11:54  Zealot x7  
  139  11:55  Zealot, Warp Prism  
  139  11:56  Probe  
  139  11:59  Probe  
  139  12:00  Probe  
  124  12:09  Probe  
  124  12:12  Probe x2  
  124  12:13  Zealot x3  
  124  12:14  Zealot x2, Immortal  
  110  12:24  Probe x2  
  110  12:25  Probe x2  
  108  12:30  High Templar x4  
  108  12:32  Immortal (Chrono Boost)  
  108  12:35  Assimilator  
  108  12:36  Probe x2  
  117  12:37  Probe x2  
  117  12:40  Assimilator  
  117  12:44  High Templar x4  
  122  12:48  Probe x2, Archon  
  122  12:49  Zealot  
  122  12:51  Immortal (Chrono Boost), Photon Cannon  
  128  13:06  Zealot x2, High Templar x2  
  128  13:10  Archon  
  128  13:12  Immortal (Chrono Boost)  
  136  13:14  Archon  
  140  13:20  Immortal (Chrono Boost)  
  144  13:28  Zealot x6  
  160  13:49  Fleet Beacon  
  160  13:55  High Templar  
  160  13:56  Zealot x7, High Templar  
  160  14:00  Archon  
  160  14:01  Photon Cannon  
  176  14:04  Photon Cannon  
  176  14:08  Phoenix  
  174  14:14  Archon  
  166  14:23  Stalker x7  
  178  14:26  Probe  
  178  14:27  Probe  
  177  14:39  Stalker x2  
  185  14:52  Stalker x2  
  158  15:09  Stalker x4  
  158  15:10  Stalker x2  
  150  15:16  High Templar x2  
  146  15:21  Pylon  
  146  15:23  Archon  
  146  15:30  Zealot  
  146  15:33  Zealot  
  146  15:35  High Templar x2  
  154  15:38  High Templar  
  154  15:40  Archon  
  154  15:42  High Templar  
  158  15:49  Archon  
  142  16:06  Zealot x2  
  142  16:07  Zealot x2  
  118  16:21  Archon  

Tags
 
Add a new tag
Caveats
  • Supply blocks, unpowered buildings, or Contaminate may cause inaccurate times.
  • Supply counts are checked every 10 seconds.